 Dungeon Sprint DCSS version 0.19.1-1-g22dce08 (webtiles) character file.

165 dvd the Cudgeler (level 5, 0/57 HPs)
             Began as a Troll Berserker on Jan 12, 2017.
             Was a Priest of Trog.
             Killed from afar by a smoke demon (5 damage)
             ... with a sticky flame
             ... summoned by a kobold demonologist
             ... in the Dungeon (Sprint III: "The Ten Rune Challenge").
             The game lasted 00:01:50 (330 turns).

dvd the Cudgeler (Troll Berserker)                   Turns: 330, Time: 00:01:50

Health: 0/57       AC:  6    Str: 25    XL:     5   Next: 21%
Magic:  4/4        EV: 12    Int:  3    God:    Trog [***...]
Gold:   14         SH:  0    Dex: 10    Spells: 0 memorised, 4 levels left

rFire  . . .     SeeInvis .     a - +0 mace
rCold  . . .     Gourm    +     b - +0 animal skin
rNeg   . . .     Faith    .     (no shield)
rPois  .         Spirit   .     (helmet restricted)
rElec  .         Reflect  .     l - +0 cloak
rCorr  .         Harm     .     (gloves unavailable)
MR     .....     NoTele   +     (boots unavailable)
Stlth  +.........               j - amulet of regeneration
                                (no ring)
                                (no ring)

@: exhausted, liquid flames, slowed, glowing, very slow
A: unfitting armour, claws 3, fast metabolism 3, gourmand, regeneration 1,
shaggy fur 1, tough skin 2
a: Berserk, Trog's Hand, Burn Spellbooks, Renounce Religion


You were in the Dungeon.
You worshipped Trog.
Trog was most pleased with you.
You were not hungry.

You visited 1 branch You collected 14 gold pieces.

Inventory:

Hand Weapons
 a - a +0 mace (weapon)
 k - a +4 quarterstaff of chaos
Armour
 b - a +0 animal skin (worn)
 l - a +0 cloak (worn)
Jewellery
 j - an amulet of regeneration (around neck)
Scrolls
 i - a scroll of blinking
 n - 2 scrolls of torment {unknown}
 o - a scroll of identify {unknown}
 p - 2 scrolls of remove curse {unknown}
 s - a scroll of fear {unknown}
Potions
 d - a potion of curing
 e - a potion of heal wounds
 f - a potion of haste
 g - 2 potions of magic
 h - a potion of berserk rage
 q - a potion of lignification
 r - a potion of flight
 u - a potion of cure mutation
Comestibles
 c - 3 bread rations
 t - a royal jelly


   Skills:
 + Level 5.5 Fighting
 + Level 6.5 Maces & Flails
 + Level 5.5 Dodging


You had 4 spell levels left.
You didn't know any spells.

Dungeon Overview and Level Annotations

Branches:
Dungeon (1/1)

Altars:
Kikubaaqudgha
Sif Muna
Vehumet


Innate Abilities, Weirdness & Mutations

You are too large for most types of armour.
You have claws for hands.
Your metabolism is lightning-fast.
You like to eat raw meat.
Your natural rate of healing is unusually fast.
You are covered in fur. (AC +1)
You have very tough skin. (AC +2)


Message History

The smoke demon hits you.
* * * LOW HITPOINT WARNING * * *
The smoke demon hits you.
* * * LOW HITPOINT WARNING * * *
The smoke demon hits you but does no damage.
You barely miss the kobold demonologist.
The kobold demonologist is almost dead.
The kobold demonologist hits you but does no damage.
The crimson imp blinks!
The shadow imp gestures at you.
You barely resist. The smoke demon hits you.
* * * LOW HITPOINT WARNING * * *
The smoke demon closely misses you. The smoke demon misses you.
The kobold demonologist hits you with a dagger.
* * * LOW HITPOINT WARNING * * *
The shadow imp closely misses you.
The crimson imp blinks!
The smoke demon gestures at you. The sticky flame hits you!
You are covered in liquid flames!
You die...

.#......#####..#
##.......#..#..#
.##.##...#..#..###+#+###+
.##.###..##'#..#.........
####.##..###...§.⌠.......
##..##.[####...#..§#####
....##..###....#.⌠.#
#..##...##.....#55.#
..##....#......#@###
.###..##.#.....#K3:# .#
#..#####....#45_# ▓▓ ▓▓▓▓
▓▓▓▓▓▓▓▓▓▓


You could see a kobold demonologist, a smoke demon, a chaos spawn, a crimson
imp, a white imp and a shadow imp.

Vanquished Creatures
  A water elemental (D)
  Crazy Yiuf (D)
  A wizard (D)
  Jessica (D)
  A human (D)
  2 oozes (D)
  A rat (D)
8 creatures vanquished.

Vanquished Creatures (others)
  2 draconian scorchers (D)
  6 hellions (D)
  A yaktaur (D)
9 creatures vanquished.

Grand Total: 17 creatures vanquished

Notes
Turn   | Place    | Note
-------+----------+-------------------------------------------
     0 | D        | dvd the Troll Berserker began the quest for the Orb.
     0 | D        | Reached XP level 1. HP: 22/22 MP: 0/0
    11 | D        | Reached skill level 3 in Maces & Flails
    16 | D        | Reached XP level 2. HP: 31/31 MP: 1/1
    34 | D        | Reached ** piety under Trog
    40 | D        | Noticed Jessica
    44 | D        | Killed Jessica
    44 | D        | Reached skill level 4 in Maces & Flails
    44 | D        | Reached XP level 3. HP: 31/39 MP: 2/2
    58 | D        | Noticed Crazy Yiuf
    69 | D        | Killed Crazy Yiuf
    69 | D        | Reached skill level 5 in Maces & Flails
    98 | D        | Reached *** piety under Trog
    98 | D        | Reached XP level 4. HP: 35/49 MP: 3/3
   121 | D        | Killed a hellion
   145 | D        | Killed a hellion
   146 | D        | Killed a hellion
   146 | D        | Killed a hellion
   146 | D        | Killed a hellion
   166 | D        | Gained mutation: You are frail. (-10% HP) [potion of mutation]
   166 | D        | Gained mutation: You are agile. (Dex +2) [potion of mutation]
   166 | D        | Gained mutation: You tend to lose your temper in combat. [potion of mutation]
   167 | D        | Gained mutation: You are resistant to hostile enchantments. (MR+) [potion of mutation]
   167 | D        | Gained mutation: You are dopey. (Int -2) [potion of mutation]
   167 | D        | Gained mutation: Your body sometimes deteriorates upon taking damage. [potion of mutation]
   168 | D        | Lost mutation: You tend to lose your temper in combat. [potion of cure mutation]
   168 | D        | Lost mutation: You are dopey. (Int -2) [potion of cure mutation]
   168 | D        | Lost mutation: You are frail. (-10% HP) [potion of cure mutation]
   168 | D        | Lost mutation: Your body sometimes deteriorates upon taking damage. [potion of cure mutation]
   168 | D        | Lost mutation: You are resistant to hostile enchantments. (MR+) [potion of cure mutation]
   168 | D        | Lost mutation: You are agile. (Dex +2) [potion of cure mutation]
   208 | D        | Killed a hellion
   208 | D        | Killed a white draconian scorcher
   211 | D        | Killed a yaktaur
   255 | D        | Noticed a water elemental
   260 | D        | Killed a water elemental
   260 | D        | Reached skill level 5 in Fighting
   260 | D        | Reached skill level 6 in Maces & Flails
   260 | D        | Reached skill level 5 in Dodging
   260 | D        | Reached XP level 5. HP: 57/57 MP: 4/4
   285 | D        | Killed a white draconian scorcher
   306 | D        | Found a radiant altar of Vehumet.
   307 | D        | Found a deep blue altar of Sif Muna.
   307 | D        | Found an ancient bone altar of Kikubaaqudgha.
   313 | D        | Noticed an ice devil
   326 | D        | Noticed a chaos spawn
   329 | D        | Noticed a smoke demon
   330 | D        | Killed from afar by a smoke demon

Skill      XL: |  1  2  3  4 |
---------------+-------------+-----
Maces & Flails | 3 4 5 6 |  6.5
Fighting       | 3 4 5 |  5.5
Dodging        | 3 4 5 |  5.5

Action                   |  1- 3 |  4- 6 || total
-------------------------+-------+-------++-------
Melee: Mace              |    46 |    26 ||    72
Invok: Berserk           |     1 |     2 ||     3
  Use: Potion            |       |     5 ||     5
  Eat: Chunk             |     2 |     4 ||     6
Armor: Animal skin       |    11 |     6 ||    17
Dodge: Dodged            |    28 |    19 ||    47
